 Dungeon Crawl Stone Soup version 0.31.0-32-g396128a36d (webtiles) character file.

Game seed: 11181169898866977582

37 Dvallin the Ruffian (level 3, -1/20 HPs)
             Began as a Naga Shapeshifter on Apr 7, 2024.
             Slain by a gnoll
             ... wielding a +0 whip
              (8 damage)
             ... on level 2 of the Dungeon.
             The game lasted 00:03:47 (1319 turns).

Dvallin the Ruffian (Naga Shapeshifter)             Turns: 1319, Time: 00:03:47

Health: -1/20      AC:  1    Str: 16    XL:     3   Next: 41%
Magic:  3/3        EV: 14    Int: 10    God:
Gold:   71         SH:  0    Dex: 12    Spells: 2/2 levels left

rFire   . .          .
                       - Unarmed
rCold   . . .        (shield currently unavailable)
rNeg    . . .        a - melded +0 animal skin
rPois   +            (no helmet)
rElec   .            (no cloak)
rCorr   .            (no gloves)
SInv    +            (no barding)
Will    .....        (no amulet)
Stlth   +            (no ring)
HPRegen 0.23/turn    (no ring)
MPRegen 0.08/turn

%: no passive effects
@: flux-form, glowing, very slow
A: glow, contaminating, reduced hp, AC +1, large, see invisible, deformed body,
poison resistance, slowness 2, spit poison 1, naga tail 1
a: Spit Poison, Begin Untransformation


You were on level 2 of the Dungeon.
You were something dangerously unstable.
You visited 1 branch of the dungeon, and saw 2 of its levels.

You collected 71 gold pieces.

Inventory:

Armour
 a - a +0 animal skin (melded)
Talismans
 c - a beast talisman
 d - a flux talisman (active)
Scrolls
 g - a scroll of noise {unknown}
 i - a scroll of enchant weapon {unknown}
Potions
 b - a potion of lignification
 e - 2 potions of berserk rage {unknown}
 f - a potion of heal wounds {unknown}
 h - a potion of curing {unknown}
 j - a potion of haste {unknown}


   Skills:
 - Level 1.0 Fighting
 - Level 1.5 Dodging
 + Level 3.7 Unarmed Combat
 + Level 3.6 Shapeshifting


You had 2 spell levels left.
You didn't know any spells.
Your spell library was empty.

Dungeon Overview and Level Annotations

Branches:
Dungeon (2/15)

Altars:


Innate Abilities, Weirdness & Mutations

You are something dangerously unstable.
You glow with magical radiation, making you easy to see and hit.
Foes you strike become dangerously contaminated with magical radiation.
Your maximum health is decreased, since you lack skill for your form.
You are incapable of wielding weapons or throwing items.
Your serpentine skin is tough. (AC +1)
You have supernaturally acute eyesight. (SInv)
Armour fits poorly on your strangely shaped body.
Your system is resistant to poisons. (rPois)
You cover ground very slowly.
You can spit poison.
You have a snake-like lower body.


Message History

You hit the ball python.
You kill the ball python!
You see here a ball python corpse.
You have got your breath back.
A ball python comes into view.
The ball python hisses angrily.
The splash of poison hits the ball python!
The ball python is poisoned.
You kill the ball python!
You have got your breath back.
You see here a ball python corpse.
You see here a ball python corpse.
Done exploring.
Done exploring.
Done exploring.
There is a stone staircase leading down here.
You climb downwards.
There is a stone staircase leading up here.
A gnoll comes into view. It is wielding a +0 club.
The gnoll shouts!
A gnoll comes into view. It is wielding a +0 vampiric spear.
There are monsters nearby!
You can't see any hostile targets in range.
A gnoll comes into view. It is wielding a +0 whip.
The gnoll shouts!
The splash of poison hits the gnoll but does no damage.
The gnoll hits you with a +0 club. x2
You hit the gnoll but do no damage.
The gnoll begins to glow.
You have got your breath back.
The gnoll misses you.
You hit the gnoll.
The gnoll glows dangerously bright.
The gnoll is lightly wounded.
The gnoll closely misses you.
There is a stone staircase leading up here.
You hit the gnoll.
The gnoll shudders as magic cascades through it.
The gnoll twists and deforms.
The gnoll is moderately wounded.
The gnoll hits you with a +0 club. The gnoll hits you with a +0 whip!
You die...

### #.. ## ##.##
.. ... ##. #.#
.##
##...#p####.....
#.....ggg.......
##...####.###.##
##.# .# #. .# #
.# .# .. ##


You could see 3 gnolls.

Vanquished Creatures
  A dart slug (D:1)
  4 endoplasms (D:1)
  4 giant cockroaches (D:1)
  4 goblins (D:1)
  4 quokkas (D:1)
  3 ball pythons (D:1)
  3 bats (D:1)
  4 frilled lizards (D:1)
  A kobold (D:1)
  4 rats (D:1)
32 creatures vanquished.

Notes
Turn   | Place    | Note
-------+----------+-------------------------------------------
     0 | D:1      | Dvallin the Naga Shapeshifter began the quest for the Orb.
     0 | D:1      | Reached XP level 1. HP: 18/18 MP: 1/1
   145 | D:1      | Reached XP level 2. HP: 11/25 MP: 2/2
   352 | D:1      | Found a faded altar of an unknown god.
   679 | D:1      | Reached XP level 3. HP: 18/31 MP: 3/3
  1319 | D:2      | Slain by a gnoll

Illustrated notes

Levels and vault maps discovered:
D:1:      dpeg_arrival_arbitrary_b, layout_basic,
          shapermc_ecumenical_altar_starsandcircs, chequers_garden
D:2:      layout_loops_corners

Action                     || total
---------------------------++-------
  Melee: Unarmed           ||    80
Ability: Spit Poison       ||    21
 Armour: Skin              ||    41
  Dodge: Dodged            ||    50
   Form: Flux              ||     1
